AoeStats
← kraquen

Nomad

510613863Analyzed
4v4 RM · 21h ago on Oct 1, 2026· 63m 16s· 8 players
Game mode
Random Map
Map size
231×231
Population
200
Speed
Normal
Resources
Standard
Victory
Conquest
Starting age
Dark Age
Ending age
Imperial Age
RankedLock teamsTeams togetherTeam positionsShared explorationLock speedFull tech treeHidden civsTurbo modeCheats
Victory
Defeat
🇹🇷 Huns · Türkiye
1320
+13
🇹🇷 Persians · Türkiye
1303
+14
🇹🇷 Vikings · Türkiye
1293
+14
🇹🇷 Spanish · Türkiye
1292
+14
🇨🇱 Japanese · Chile
1269
-14
🇦🇷 Vietnamese · Argentina
1267
-14
🇧🇷 Mapuche · Brazil
1257
-14
🇵🇪 Malians · Peru
1231
-13
vem mama uvinha
5:58 Loom
15:54 Feudal Age
19:54 Castle Age
18:01 Horse Collar
18:10 Double-Bit Axe
18:07 Horse Collar
20:13 Fletching
20:23 Padded Archer Armor
22:06 Bodkin Arrow
27:33 Leather Archer Armor
27:54 Heavy Plow
29:52 Ballistics
31:03 Gold Mining
34:48 Malon
40:20 Imperial Age
39:03 Wheelbarrow
38:16 Town Watch
40:57 Bow Saw
40:57 Elite Bolas Rider
42:43 Ring Archer Armor
42:49 Butalmapu
55:24 Conscription
60:25 Hand Cart
61:39 Chemistry
61:17 Elite Skirmisher
Koga
6:08 Loom
16:06 Feudal Age
17:07 Double-Bit Axe
18:12 Gold Mining
26:05 Castle Age
27:37 Horse Collar
28:12 Bow Saw
28:28 Medium Warships
33:23 Fishing Lines
34:49 Wheelbarrow
38:11 Horse Collar
38:51 Forging
40:16 Hand Cart
40:58 Iron Casting
42:38 Fletching
47:22 Imperial Age
45:17 Pikeman
46:22 Scale Mail Armor
47:26 Gold Shaft Mining
48:04 Chain Mail Armor
47:48 Halberdier
52:14 Plate Mail Armor
52:23 Squires
52:11 Arson
55:27 Blast Furnace
55:01 Conscription
54:52 Man-at-Arms
55:54 Long Swordsman
56:21 Gambesons
57:17 Gillnets
57:39 Two-Handed Swordsman
59:00 Heavy Warships
kraquen
5:47 Loom
13:41 Feudal Age
17:52 Castle Age
16:29 Stone Mining
18:07 Double-Bit Axe
31:46 Town Watch
31:43 Horse Collar
32:41 Scale Mail Armor
34:50 Forging
35:49 Chain Mail Armor
37:31 Wheelbarrow
37:01 Heavy Plow
41:25 Imperial Age
45:50 Gold Mining
49:29 Plate Mail Armor
49:38 Iron Casting
50:16 Scale Barding Armor
51:21 Farimba
51:01 Heavy Camel Rider
54:46 Gold Shaft Mining
54:13 Fletching
54:12 Light Cavalry
55:03 Bloodlines
55:22 Hand Cart
55:33 Chain Barding Armor
58:04 Plate Barding Armor
ReBeL_persi
5:38 Loom
14:35 Feudal Age
15:57 Double-Bit Axe
16:30 Town Watch
19:08 Castle Age
17:38 Gold Mining
20:37 Medium Warships
21:00 Bow Saw
20:42 Horse Collar
25:01 Stone Mining
28:55 Wheelbarrow
29:57 Hand Cart
30:34 Fishing Lines
31:45 Stone Shaft Mining
31:02 Fletching
34:15 Imperial Age
33:10 Bodkin Arrow
34:26 Ballistics
34:20 Scale Mail Armor
34:30 Forging
34:18 Pikeman
34:58 Squires
35:44 Chain Mail Armor
35:17 Halberdier
37:03 Iron Casting
37:53 Two-Man Saw
40:01 Plate Mail Armor
39:33 Bracer
41:39 Chemistry
43:11 Elite Skirmisher
44:09 Imperial Skirmisher
45:02 Padded Archer Armor
62:09 Murder Holes
Slayer
4:06 Loom
14:14 Feudal Age
16:33 Double-Bit Axe
19:04 Castle Age
17:32 Gold Mining
19:23 Wheelbarrow
20:14 Bow Saw
26:03 Stone Mining
28:42 Hand Cart
29:48 Fletching
30:03 Horse Collar
33:14 Imperial Age
30:56 Scale Barding Armor
31:03 Husbandry
31:32 Bloodlines
31:35 Forging
31:45 Bodkin Arrow
32:54 Chain Barding Armor
33:29 Stone Shaft Mining
33:43 Iron Casting
33:07 Bodkin Arrow
33:19 Cavalier
34:39 Plate Barding Armor
36:46 Blast Furnace
35:33 Light Cavalry
36:17 Town Watch
37:34 Two-Man Saw
36:45 Bodkin Arrow
38:19 Paladin
39:44 Conscription
39:43 Thumb Ring
39:40 Bracer
39:41 Padded Archer Armor
39:49 Elite Skirmisher
41:53 Chemistry
41:27 Leather Archer Armor
42:54 Ballistics
44:40 Ring Archer Armor
45:35 Town Patrol
45:18 Hussar
55:23 Heavy Plow
agahgenc
3:53 Loom
12:24 Feudal Age
19:12 Castle Age
17:09 Fletching
19:51 Medium Warships
28:10 Fishing Lines
30:49 Demolition Ship
32:15 Gillnets
35:49 Imperial Age
34:13 Wheelbarrow
33:30 Gold Mining
33:28 Double-Bit Axe
36:31 Bow Saw
36:38 Hand Cart
37:01 Gold Shaft Mining
39:51 Two-Man Saw
38:33 Horse Collar
39:06 Scale Barding Armor
39:11 Forging
40:05 Husbandry
40:16 Bloodlines
39:27 Heavy Camel Rider
39:39 Cavalier
41:51 Savar
47:53 Chain Barding Armor
48:09 Iron Casting
50:28 Padded Archer Armor
50:23 Bodkin Arrow
50:20 Elite Skirmisher
51:42 Leather Archer Armor
56:25 Light Cavalry
62:52 Pikeman
Subutay
3:37 Loom
14:22 Feudal Age
19:01 Castle Age
20:37 Fletching
22:59 Bodkin Arrow
26:59 Bloodlines
29:33 Husbandry
32:08 Ballistics
34:35 Thumb Ring
40:32 Padded Archer Armor
49:14 Imperial Age
51:55 Bracer
52:11 Leather Archer Armor
52:52 Masonry
52:30 Elite Skirmisher
54:52 Chemistry
56:30 Pikeman
58:05 Forging
58:43 Scale Mail Armor
59:21 Iron Casting
61:53 Squires
62:34 Halberdier
res
10:29 Loom
13:19 Feudal Age
15:51 Double-Bit Axe
16:15 Horse Collar
19:04 Castle Age
19:07 Scale Mail Armor
22:00 Bow Saw
23:24 Gold Mining
26:40 Heavy Plow
29:14 Forging
30:56 Stone Mining
31:42 Gold Shaft Mining
33:06 Ballistics
34:08 Fletching
36:04 Elite Skirmisher
37:39 Bodkin Arrow
37:45 Padded Archer Armor
39:24 Leather Archer Armor
41:59 Imperial Age
39:54 Masonry
43:46 Crop Rotation
44:12 Bracer
45:23 Ring Archer Armor
46:13 Siphons
46:44 Architecture
48:19 Capped Ram
48:53 Elite Varangian Guard
50:35 Iron Casting
51:45 Two-Man Saw
52:45 Chemistry
56:37 Blast Furnace
55:52 Chain Mail Armor
56:17 Scale Barding Armor
55:43 Siege Ram
56:34 Elite Berserk
59:38 Siege Engineers
Connection lost

Rejoining the realm…

Still unreachable

The connection could not be restored.

Session expired

The server has moved on; the page needs a fresh start.